 Dungeon Crawl Stone Soup version 0.29.0-4-gdea44cf6ec (webtiles) character file.

Game seed: 10725612043627005917

7 qw the Chopper (level 2, -4/17 HPs)
             Began as a Tengu Warper on Aug 28, 2022.
             Killed from afar by a dart slug (5 damage)
             ... with a slug dart
             ... on level 1 of the Dungeon.
             The game lasted 00:00:00 (77 turns).

qw the Chopper (Tengu Warper)                         Turns: 77, Time: 00:00:01

Health: -4/17      AC:  3    Str: 11    XL:     2   Next: 0%
Magic:  6/6        EV: 11    Int: 13    God:
Gold:   0          SH:  0    Dex: 13    Spells: 5/5 levels left

rFire   . . .      SeeInvis .   a - +0 hand axe
rCold   . . .      Faith    .   (no shield)
rNeg    . . .      Spirit   .   b - +0 leather armour
rPois   .          Reflect  .   (helmet restricted)
rElec   .          Harm     .   (no cloak)
rCorr   .          Rampage  .   (no gloves)
Will    .....                   (boots unavailable)
Stlth   +.........              (no amulet)
HPRegen 0.05/turn               (no ring)
MPRegen 0.10/turn               (no ring)

@: no status effects
A: beak, talons 3
a: no special abilities


You were on level 1 of the Dungeon.
You visited 1 branch of the dungeon, and saw 1 of its levels.


Innate Abilities, Weirdness & Mutations

You have a beak for a mouth.
You have claws for feet.


   Skills:
 - Level 2.0 Fighting
 + Level 2.9 Axes
 - Level 1.0 Throwing
 - Level 1.1 Armour
 - Level 2.1 Dodging
 - Level 2.0 Spellcasting
 - Level 2.4 Translocations


You had 5 spell levels left.
You didn't know any spells.
Your spell library contained the following spells:

 Spells                   Type           Power      Damage    Failure   Level
 Blink                    Tloc           14%        N/A       19%         2
 Gell's Gravitas          Tloc           7%         N/A       36%         3
 Lesser Beckoning         Tloc           7%         N/A       36%         3
 Teleport Other           Tloc           7%         N/A       36%         3
 Manifold Assault         Tloc           7%         N/A       98%         5

Inventory:

Hand Weapons
 a - a +0 hand axe (weapon)
Missiles
 d - a boomerang of dispersal (quivered)
Armour
 b - a +0 leather armour (worn)
Scrolls
 c - a scroll of blinking
 e - a scroll of vulnerability {unknown}

Dungeon Overview and Level Annotations

Branches:
Dungeon (1/15)

Altars:


Message History

The endoplasm blinks!
You feel a bit more experienced.
A dart slug comes into view.
Found a mace.
A bat comes into view.
The kobold closely misses you. The endoplasm hits you.
You hit the kobold.
You kill the kobold!
You hit the endoplasm. The bat hits you but does no damage.
The endoplasm closely misses you.
You have reached level 2!
You completely miss the endoplasm.
You claw the endoplasm, but do no damage.
The endoplasm is lightly wounded.
You closely miss the bat. The bat hits you but does no damage.
The endoplasm freezes you.
You are frozen.
The dart slug launches a dart at you. The slug dart hits you.
You hit the endoplasm.
The endoplasm is moderately wounded.
The bat closely misses you. The endoplasm freezes you.
You are frozen.
The endoplasm freezes you.
You are frozen.
You hit the endoplasm.
You claw the endoplasm, but do no damage.
The endoplasm is almost dead.
You closely miss the bat. The bat misses you. The bat hits you.
The bat hits you but does no damage. The dart slug launches a dart at you.
The slug dart hits you. The endoplasm closely misses you.
You hit the endoplasm.
You kill the endoplasm!
You hit the bat.
You kill the bat!
The dart slug launches a dart at you. The slug dart hits you.
You die...

##. ..# ##..
).#
###...##..#
.........)#
#......(?.#
#....w....#
##......)?.#
#.......@>.#
........%..#
#######
..........(#
#.....#
######.####
##.8.8.# #..#
##...8..#
##.#
##...8.8.#
#.#
##........#
#.##
#.}.}.###.#
#..#
###.....#.'.#


You could see a dart slug.

Vanquished Creatures
  3 endoplasms (D:1)
  A goblin (D:1)
  2 bats (D:1)
  A frilled lizard (D:1)
  2 kobolds (D:1)
9 creatures vanquished.

Notes
Turn   | Place    | Note
-------+----------+-------------------------------------------
     0 | D:1      | qw the Tengu Warper began the quest for the Orb.
     0 | D:1      | Reached XP level 1. HP: 12/12 MP: 4/4
     0 | D:1      | 0 ||| qw: Version: 0.1-a-89-g26bdef1
     0 | D:1      | 0 ||| qw: Game counter: 2999
     0 | D:1      | 0 ||| qw: Always use a shield: true
     0 | D:1      | 0 ||| qw: God list: Okawaru
     0 | D:1      | 0 ||| qw: Allow faded altars: false
     0 | D:1      | 0 ||| qw: Do Orc after D:15 true
     0 | D:1      | 0 ||| qw: Do second Lair branch before Depths: true
     0 | D:1      | 0 ||| qw: Lair rune preference: random
     0 | D:1      | 0 ||| qw: Plans: Normal
     0 | D:1      | 0 ||| PLANNING D:1-11
    64 | D:1      | 64 ||| Stepping ~*~*~tactically~*~*~ (stealth).
    74 | D:1      | Reached XP level 2. HP: 15/17 MP: 6/6
    76 | D:1      | HP: 1/17 [dart slug/slug dart (5)]
    77 | D:1      | Killed from afar by a dart slug

Levels and vault maps discovered:
D:1:      ncdulo_halloftheorcs, layout_rooms, serial_shops,
          nicolae_diamond_shop, minmay_cupped

Action                   || total
-------------------------++-------
Melee: Hand axe          ||     9
       Kick              ||     3
Throw: Boomerang         ||     6
Armor: Leather armour    ||     3
Dodge: Dodged            ||     8

Table legend:
 A = Non-vault XP
 B = Vault XP
 C = Vault XP percentage of total XP
 D = Non-vault monster count
 E = Vault monster count
 F = Vault count percentage of total count
                 A         B        C        D         E       F
            +---------+---------+-------+---------+---------+-------
      Total |      11 |       2 |  15.4 |       8 |       1 |  11.1
            +---------+---------+-------+---------+---------+-------
        D:1 |      11 |       2 |  15.4 |       8 |       1 |  11.1
            +---------+---------+-------+---------+---------+-------
